 Dungeon Crawl Stone Soup version 0.28-a0-592-g6fc52098c6 (webtiles) character file.

Game seed: 8882831028272773239

23905 KristoblXynda the Nimble (level 12, -4/100 HPs)
             Began as a Spriggan Berserker on Oct 4, 2021.
             Was an Elder of Trog.
             Killed by divine providence
             ... invoked by a meliai
              (13 damage)
             ... on level 13 of the Dungeon.
             The game lasted 00:23:16 (17699 turns).

KristoblXynda the Nimble (Spriggan Berserker)      Turns: 17699, Time: 00:23:16

Health: -4/100     AC:  5    Str: 15    XL:     12   Next: 76%
Magic:  13/13      EV: 30    Int: 10    God:    Trog [****..]
Gold:   432        SH:  0    Dex: 20    Spells: 11/11 levels left

rFire   + . .      SeeInvis +   B - +5 dagger "Fiucotz" {vorpal, rElec Dex+4}
rCold   + . .      Faith    .   (shield restricted)
rNeg    . . .      Spirit   .   n - +2 robe {rC+}
rPois   .          Reflect  .   (helmet restricted)
rElec   +          Harm     .   e - +0 cloak
rCorr   .          Rampage  .   (gloves unavailable)
Will    ++...                   (boots unavailable)
Stlth   ..........              (no amulet)
HPRegen 0.26/turn               w - ring of protection from fire
MPRegen 0.13/turn               (no ring)

@: berserking, very quick
A: very small, no large weapons, unfitting armour, see invisible, speed 3
a: Renounce Religion, Berserk, Trog's Hand, Brothers in Arms


You were on level 13 of the Dungeon.
You worshipped Trog.
Trog was greatly pleased with you.
You visited 2 branches of the dungeon, and saw 14 of its levels.

You collected 608 gold pieces.
You spent 176 gold pieces at shops.

Inventory:

Hand Weapons
 u - a +3 short sword of draining
 B - the +5 dagger "Fiucotz" (weapon) {vorpal, rElec Dex+4}
   (You found it on level 11 of the Dungeon)

   It inflicts extra damage upon your enemies.
   Dex:       It affects your dexterity (+4).
   rElec:     It insulates you from electricity.
Missiles
 y - 2 throwing nets (quivered)
Armour
 e - a +0 cloak (worn)
 n - a +2 robe of cold resistance (worn)
 A - +0 steam dragon scales
Jewellery
 c - a ring of ice
 l - a ring of magical power
 w - a ring of protection from fire (left hand)
 D - an amulet of magic regeneration
Wands
 q - a wand of acid (16)
 v - a wand of mindburst (3)
Scrolls
 b - 2 scrolls of fog
 g - a scroll of amnesia
 i - a scroll of brand weapon {unknown}
 j - 3 scrolls of magic mapping
 p - a scroll of teleportation {unknown}
 t - a scroll of blinking {unknown}
 C - a scroll of noise {unknown}
Potions
 a - a potion of cancellation
 f - a potion of invisibility
 h - 8 potions of curing
 k - 4 potions of haste
 m - 3 potions of mutation
 o - a potion of attraction {unknown}
 r - a potion of brilliance {unknown}
 s - a potion of resistance
 x - 3 potions of ambrosia
 z - 2 potions of flight
Miscellaneous
 d - a phial of floods (inert)


   Skills:
 + Level 9.7 Fighting
 + Level 12.5 Short Blades
 + Level 2.8 Armour
 + Level 14.7 Dodging
 - Level 13.0 Stealth
 + Level 6.2 Evocations


You had 11 spell levels left.
You didn't know any spells.
Your spell library contained the following spells:

 Spells                   Type           Power      Damage    Failure   Level
 Sting                    Tmut/Pois      0%         1d3       36%         1
 Poisonous Vapours        Pois/Air       0%         N/A       50%         2
 Frozen Ramparts          Ice            0%         1d2       75%         3
 Ice Form                 Ice/Tmut       0%         N/A       98%         4
 Olgreb's Toxic Radiance  Pois           0%         N/A       98%         4
 Summon Ice Beast         Ice/Summ       0%         N/A       98%         4


Dungeon Overview and Level Annotations

Branches:
Dungeon (13/15)            Temple (1/1) D:7            Lair (0/6) D:11
    Orc (0/2) D:11
 Vaults: D:13-14

Altars:
Ashenzari
Cheibriados
Dithmenos
Elyvilon
Fedhas
Gozag
Hepliaklqana
Kikubaaqudgha
Makhleb
Nemelex Xobeh
Okawaru
Qazlal
Ru
Sif Muna
Trog
Uskayaw
Vehumet
Wu Jian
Xom
Yredelemnul
Zin
The Shining One

Shops:
D:7 (   D:9 *   D:12 *


Innate Abilities, Weirdness & Mutations

You are very small and have problems with some larger weapons.
You are too small for most types of armour.
You have supernaturally acute eyesight. (SInv)
You cover ground extremely quickly. (Speed+++)


Message History

The meliai mumbles some strange prayers to its god against you.
Something smites you!
You puncture the meliai!
The meliai is moderately wounded.
The meliai calls down the wrath of its god upon you.
Something smites you!
You miss the meliai.
The meliai is moderately wounded.
The meliai completely misses you. x2
You hit the meliai.
The meliai is heavily wounded.
The meliai completely misses you. x2
You hit the meliai.
The meliai is severely wounded.
The meliai mumbles some strange prayers to its god against you.
Something smites you!
You miss the meliai.
The meliai is severely wounded.
The meliai calls down the wrath of its god upon you.
Something smites you!
* * * LOW HITPOINT WARNING * * *
You completely miss the meliai.
The meliai is severely wounded.
The meliai calls down the wrath of its god upon you.
Something smites you!
* * * LOW HITPOINT WARNING * * *
You puncture the meliai!
You kill the meliai!
Trog accepts your kill.
You hit the meliai.
The meliai is moderately wounded.
You hit the meliai.
The meliai is moderately wounded.
The meliai completely misses you. The meliai stings you.
* * * LOW HITPOINT WARNING * * *
You hit the meliai.
The meliai is moderately wounded.
The meliai mumbles some strange prayers to its god against you.
Something smites you!
You die...

#..##.##.#
#####.##...........)#
#........#
###.##>.......>.###
......####
#...##......<.###
#[.#######
#...##..####...##
..........
#...#...........#
..########
##.##...####...## #.#
#.##... ##.## #.#
#.##.. ### #.# #@#
<.# #y# ... ≈≈# ...
.≈≈≈ ... ..≈## ....
.!.## ...#


You could see a meliai.

Vanquished Creatures
  2 boulder beetles
  6 two-headed ogres
  The ghost of iamserjio the Fighter, a novice OpCK of Lugonu (D:7)
  3 cyclopes
  A deep elf pyromancer (D:13)
  2 manticores (D:13)
  A gargoyle (D:12)
  An efreet (D:13)
  The ghost of Loefaen the Chopper, an amateur NaBe of Trog (D:6)
  2 meliai (D:13)
  2 trolls (D:11)
  3 hornets
  Prince Ribbit (D:9)
  6 slime creatures
  Sigmund (D:2)
  A meliai zombie (D:11)
  A vampire (D:11)
  2 shadows
  6 yaks
  A wraith (D:12)
  2 basilisks
  2 steam dragons
  Menkaure (D:7)
  An acid dragon (D:12)
  2 water moccasins
  Edmund (D:4)
  Duvessa (D:4)
  A swamp drake (D:11)
  2 black bears
  7 ogres
  7 orc warriors
  2 ice beasts
  2 necrophages (D:5)
  7 centaurs
  A hornet zombie (D:7)
  2 phantoms
  2 kobold brigands
  4 bullfrogs
  A gnoll sergeant (D:9)
  4 scorpions
  2 wyvern zombies
  Dowan (D:4)
  19 killer bees
  11 wights
  10 howler monkeys
  A bullfrog zombie (D:5)
  8 centaur zombies
  2 bullfrog skeletons
  A hound (D:6)
  3 orc priests
  3 centaur skeletons
  4 iguanas
  9 orc wizards
  A hound skeleton (D:4)
  3 howler monkey zombies
  11 adders
  5 gnolls
  2 white imps (D:6)
  An adder skeleton (D:5)
  3 worms
  2 dart slugs
  33 orcs
  7 ball pythons
  5 endoplasms
  4 giant cockroaches
  3 goblins
  7 hobgoblins
  6 jackals
  18 kobolds
  3 quokkas
  7 bats
  4 frilled lizards
  6 rats
301 creatures vanquished.

Vanquished Creatures (collateral kills)
  2 boulder beetles (D:13)
  A hydra (D:12)
  A troll (D:12)
  3 slime creatures (D:13)
  2 vampire mosquitoes (D:12)
9 creatures vanquished.

Vanquished Creatures (others)
  A centaur zombie (D:9)
  2 fungi (D:11)
  A plant (D:11)
4 creatures vanquished.

Grand Total: 314 creatures vanquished

Notes
Turn   | Place    | Note
-------+----------+-------------------------------------------
     0 | D:1      | KristoblXynda the Spriggan Berserker began the quest for
                  | the Orb.
     0 | D:1      | Reached XP level 1. HP: 11/11 MP: 2/2
   192 | D:1      | Reached XP level 2. HP: 16/16 MP: 3/3
   805 | D:2      | Reached ** piety under Trog
   818 | D:2      | Reached XP level 3. HP: 16/19 MP: 4/4
  1177 | D:2      | Found a broken altar of Ashenzari.
  1243 | D:2      | Noticed Sigmund
  1259 | D:2      | Killed Sigmund
  1260 | D:2      | Reached skill level 5 in Dodging
  1260 | D:2      | Reached XP level 4. HP: 25/25 MP: 5/5
  1260 | D:2      | Reached XP level 5. HP: 28/28 MP: 6/6
  2068 | D:3      | Reached skill level 5 in Short Blades
  2068 | D:3      | Reached skill level 6 in Dodging
  2283 | D:3      | Found an iron altar of Okawaru.
  2287 | D:3      | Reached XP level 6. HP: 33/33 MP: 7/7
  3200 | D:4      | Reached *** piety under Trog
  3347 | D:4      | Noticed Edmund
  3373 | D:4      | Killed Edmund
  3374 | D:4      | Reached skill level 7 in Dodging
  3374 | D:4      | Reached XP level 7. HP: 37/38 MP: 8/8
  4461 | D:4      | Noticed Duvessa
  4467 | D:4      | Noticed Dowan
  4487 | D:4      | Killed Dowan
  4491 | D:4      | Killed Duvessa
  4913 | D:5      | Entered Level 5 of the Dungeon
  5304 | D:5      | Reached skill level 5 in Fighting
  5438 | D:5      | Reached skill level 8 in Dodging
  5438 | D:5      | Reached skill level 1 in Stealth
  5438 | D:5      | Reached XP level 8. HP: 19/43 MP: 9/9
  6427 | D:6      | Reached skill level 9 in Dodging
  6557 | D:6      | Reached skill level 5 in Stealth
  6763 | D:6      | You fall into a shaft and drop 2 floors!
  6771 | D:8      | Noticed a hornet
  6783 | D:8      | Killed a hornet
  6784 | D:8      | Reached XP level 9. HP: 19/48 MP: 10/10
  7730 | D:8      | Reached skill level 10 in Dodging
  8330 | D:7      | Found a glowing golden altar of the Shining One.
  8330 | D:7      | Found an ancient bone altar of Kikubaaqudgha.
  8344 | D:7      | Noticed Menkaure
  8434 | D:7      | Found a staircase to the Ecumenical Temple.
  8445 | Temple   | Entered the Ecumenical Temple
  8707 | D:7      | Found a runed translucent gate.
  8707 | D:7      | Found a runed translucent gate.
  8707 | D:7      | Found a runed translucent gate.
  8709 | D:7      | Noticed iamserjio's ghost (novice OpCK)
  8945 | D:7      | Reached **** piety under Trog
  9413 | D:6      | Reached XP level 10. HP: 53/53 MP: 11/11
  9858 | D:6      | Reached skill level 11 in Dodging
  9984 | D:6      | Found a transporter.
  9988 | D:6      | Found a transporter.
  9990 | D:6      | Noticed Loefaen's ghost (amateur NaBe)
 10264 | D:7      | Killed Menkaure
 10747 | D:7      | Found Zotavah's Weapon Emporium.
 10828 | D:7      | Killed iamserjio's ghost
 11260 | D:6      | Killed Loefaen's ghost
 11261 | D:6      | Reached skill level 10 in Stealth
 11264 | D:6      | Paralysed by a hornet for 3 turns
 11828 | D:9      | Noticed a centaur warrior
 11828 | D:9      | Noticed a four-headed hydra
 11828 | D:9      | Noticed a rakshasa
 11828 | D:9      | Noticed a cyclops
 11829 | D:9      | Noticed a wizard
 11829 | D:9      | Noticed a brown ugly thing
 11829 | D:9      | Noticed a cyclops
 11888 | D:9      | Noticed a two-headed ogre
 11920 | D:9      | Killed a two-headed ogre
 11921 | D:9      | Reached skill level 10 in Short Blades
 11921 | D:9      | Reached skill level 12 in Dodging
 12284 | D:9      | Found Katrohith's Demolitions Depot.
 12388 | D:9      | Noticed Prince Ribbit
 12426 | D:9      | Killed Prince Ribbit
 12447 | D:9      | Reached XP level 11. HP: 58/58 MP: 12/12
 12709 | D:9      | Noticed a seven-headed hydra
 12710 | D:9      | Noticed a deep elf pyromancer
 12725 | D:9      | Identified the +1 plate armour of the Endless Expanse
                  | {rPois Will- Int+2 Stlth+}
 12890 | D:9      | Found a shimmering altar of Xom.
 12890 | D:9      | Noticed a two-headed ogre
 12918 | D:9      | Killed a two-headed ogre
 13221 | D:10     | Entered Level 10 of the Dungeon
 14372 | D:11     | Noticed a two-headed ogre
 14373 | D:11     | Killed a two-headed ogre
 14374 | D:11     | Reached skill level 13 in Dodging
 14377 | D:11     | Noticed a boulder beetle
 14385 | D:11     | Killed a boulder beetle
 14495 | D:11     | Found a staircase to the Lair.
 14704 | D:11     | Noticed a two-headed ogre
 14718 | D:11     | Killed a two-headed ogre
 14719 | D:11     | Reached skill level 1 in Evocations
 14980 | D:11     | Reached ***** piety under Trog
 15032 | D:11     | Identified the +5 dagger "Fiucotz" {vorpal, rElec Dex+4}
 15059 | D:11     | Found a staircase to the Orcish Mines.
 15490 | D:12     | Noticed a four-headed hydra
 15711 | D:12     | Noticed a two-headed ogre
 15712 | D:12     | Killed a two-headed ogre
 15713 | D:12     | Reached XP level 12. HP: 66/66 MP: 13/13
 15741 | D:12     | Killed a five-headed hydra
 16039 | D:12     | Reached skill level 1 in Armour
 16111 | D:12     | Noticed a two-headed ogre
 16134 | D:12     | Killed a two-headed ogre
 16135 | D:12     | Reached skill level 14 in Dodging
 16320 | D:12     | Found Tyliwid's Changing Room.
 16339 | D:12     | Bought a potion of mutation for 88 gold pieces
 16339 | D:12     | Bought a potion of mutation for 88 gold pieces
 16395 | D:12     | Noticed a boulder beetle
 16398 | D:12     | Killed a boulder beetle
 16575 | D:12     | Received a gift from Trog
 16888 | D:13     | Reached skill level 5 in Evocations
 16989 | D:13     | Noticed a boulder beetle
 17005 | D:13     | Noticed a boulder beetle
 17019 | D:13     | Killed a boulder beetle
 17023 | D:13     | Killed a boulder beetle
 17699 | D:13     | Killed from afar by a meliai

Illustrated notes

Levels and vault maps discovered:
D:1:      mushboom_english_gardens, layout_rooms, skrybe_limestone_x
D:2:      layout_basic, basic_altar, uniq_sigmund
D:3:      layout_loops_cross, okawaru_ov_weapons_minmay, minivault_11,
          serial_bayou_ford_a
D:4:      layout_basic, minmay_misc_feat_doors, uniq_duvessa, uniq_edmund
D:5:      layout_gridville, st_stairs_10
D:6:      layout_loops_ring, gammafunk_ghost_hive
D:7:      layout_gridville, nicolae_overflow_hidden_temple,
          minmay_temple_entry_nine_rooms, gammafunk_ghost_necromancy,
          glass_columns_a, nicolae_take_the_stairs, kennysheep_dice,
          uniq_menkaure
D:8:      layout_basic
D:9:      layout_loops_ring, xom_confusion_cloud, nicolae_blasting_shop,
          minivault_12, uniq_prince_ribbit1
D:10:     layout_loops_ring
D:11:     layout_cave_pools, grunt_lair_entry_orc_guard_hut, erik_orc_1
D:12:     layout_rooms, nicolae_transmutations_shop
D:13:     layout_loops_ring, minmay_misc_feat_diagonals
Temple:   compressed_dpeg_circular_temple

Skill      XL: |  1  2  3  4  5  6  7  8  9 10 11 12 |
---------------+-------------------------------------+-----
Fighting       | 3 4 5 6 7 9 |  9.7
Short Blades   | 4 5 6 7 9 10 11 12 | 12.5
Dodging        | 5 6 7 8 9 10 12 13 14 | 14.7
Stealth        | 1 5 8 11 13 | 13.0
Evocations     | 3 6 |  6.2
Armour         | 2 |  2.8

Action                   |  1- 3 |  4- 6 |  7- 9 | 10-12 || total
-------------------------+-------+-------+-------+-------++-------
Melee: Short sword       |    99 |    52 |       |   279 ||   430
       Dagger            |       |    95 |   527 |   452 ||  1074
Invok: Berserk           |     3 |     4 |     8 |    20 ||    35
       Trog's Hand       |       |       |       |     3 ||     3
       Brothers in Arms  |       |       |       |     2 ||     2
Evoke: Wand              |       |       |       |    12 ||    12
       Phial of floods   |       |       |       |     1 ||     1
  Use: Scroll            |       |     2 |     3 |    10 ||    15
       Potion            |       |       |       |     1 ||     1
 Stab: Sleeping          |       |     2 |     6 |    24 ||    32
       Distracted        |       |       |     2 |     5 ||     7
Armor: Animal skin       |     8 |       |       |       ||     8
       Robe              |       |    13 |    45 |    45 ||   103
Dodge: Dodged            |    79 |    82 |   342 |   436 ||   939

Table legend: (Time is in decaauts)
 A = Elapsed time spent in this place.
 B = Non-inter-level travel time spent in this place.
 C = Inter-level travel time spent in this place.
 D = Time resting spent in this place.
 E = Time spent auto-exploring this place.
 F = Levels seen in this place.
 G = Mean time per level.
                   A        B        C        D        E       F      G
               +--------+--------+--------+--------+--------+-----+--------+
         Total |  14302 |  13957 |    345 |   7047 |   4711 |  14 | 1021.6 |
       Dungeon |  14251 |  13911 |    340 |   7047 |   4676 |  13 | 1096.2 |
        Temple |     50 |     46 |      4 |      0 |     35 |   1 |   50.0 |
               +--------+--------+--------+--------+--------+-----+--------+

Top non-repeatable levels by time:
     D:6: 1582 daAuts
     D:4: 1427 daAuts
     D:7: 1350 daAuts
     D:5: 1326 daAuts
     D:8: 1315 daAuts
     D:3: 1119 daAuts
     D:9: 1111 daAuts
    D:12: 1094 daAuts
    D:11: 1019 daAuts
    D:10: 893 daAuts
     D:2: 871 daAuts
     D:1: 579 daAuts
    D:13: 558 daAuts
  Temple: 50 daAuts
